[Event "*** SCC Grand Prix: Titled Tuesday Blitz"]
[Site "Chess.com"]
[Date "2020.06.09"]
[Round "8"]
[White "SketchyMoves"]
[Black "GM_LOADING"]
[Result "0-1"]
[WhiteElo "2643"]
[BlackElo "2504"]
[TimeControl "180+1"]
[EndTime "10:36:22 PDT"]
[Termination "GM_LOADING won by resignation"]

1. b3 Nf6 2. Bb2 d5 3. Nf3 c6 4.
e3 Bg4 5. Be2 Nbd7 6. h3 Bxf3 7.
Bxf3 e5 8. Be2 Bd6 9. c4 O-O 10. Qc2 Rc8 11. Nc3 a6 12. d3 Re8 13. a3 d4 14. Ne4 Nxe4 15. dxe4 dxe3 16. O-O-O Qe7 17.
Bg4 Rcd8 18. b4 exf2 19. c5 Bc7 20. Qxf2 Nf6 21. Bf3 a5 22. Qe3 axb4 23. axb4 Ra8 24.
g4 Red8 25. h4 Nd7 26. g5 Nf8 27. Bg4 Ne6 28. Bxe6 Qxe6 29. h5 Qc4+ 30. Kb1 Qxb4 31.
g6 Qc4 32. h6 fxg6 33. hxg7 Qa2+ 34. Kc2 Ra4 35. Rxd8+ Bxd8 36. Qd3 Qc4+ 37. Qxc4+ Rxc4+ 38. Kd3 Rxc5 39. Ba3 Rb5 40. Bf8 Bf6 41. Ra1 Bxg7 42. Bd6 Kf7 43. Kc4 Ke6 44. Bc5 Bf6 45. Ra8 b6 46.
Be3 Ra5 47. Rc8 Ra4+ 48. Kd3 c5 49. Rc6+ Kf7 50. Rxb6 c4+ 51. Kc3 Ra3+ 52. Kd2 c3+ 53. Kd3 c2+ 54. Kxc2 Rxe3 0-1

[Event "*** SCC Grand Prix: Titled Tuesday Blitz"]
[Site "Chess.com"]
[Date "2020.06.09"]
[Round "8"]
[White "Biranidun"]
[Black "GM_dmitrij"]
[Result "0-1"]
[WhiteElo "2730"]
[BlackElo "2959"]
[TimeControl "180+1"]
[EndTime "10:36:23 PDT"]
[Termination "GM_dmitrij won by resignation"]

1. e4 e5 2. Nf3 Nc6 3. Bb5 a6 4. Ba4 Nf6 5. O-O Bc5 6. c3 b5 7. Bc2 d5 8. a4 dxe4 9. axb5 exf3 10. Qxf3 e4 11. Bxe4 Ne5 12. Qe2 O-O 13. d4 Bg4 14.
Qc2 Nxe4 15. Qxe4 Nf3+ 16. gxf3 Bh3 17. dxc5 Bxf1 18. Kxf1 Qd1+ 19. Qe1 Qxf3 20. Be3 axb5 21. Rxa8 Rxa8 22. Nd2 Qh1+ 23. Ke2 Qxh2 24. Nf3 Qh3 25.
Qd1 Qe6 26. Qd3 Qb3 27. Ng5 Qc4 28. Qxc4 bxc4 29. Nf3 f6 30. Bf4 c6 31. Nd2 Ra4 32.
Ke3 h5 33. Kd4 g5 34. Bd6 h4 35. Nxc4 Kf7 36. b3 Ra2 37. Ke3 Ke6 38. Nd2 f5 39.
Nf3 Kf6 40. Bc7 f4+ 41. Ke4 Re2+ 42. Kd3 Rxf2 43. Bd8+ Kf5 44. Nd4+ Kg4 45. Nxc6 h3 46. Ne5+ Kg3 47. c6 Ra2 48. c7 Ra8 49. Nc6 Rc8 50.
Ne7 Rxc7 51. Bxc7 h2 52. Nf5+ Kh3 53. b4 h1=Q 54. Nd4 f3 55. Ke3 g4 56. b5 Qe1+ 57. Kd3 f2 0-1

[Event "*** SCC Grand Prix: Titled Tuesday Blitz"]
[Site "Chess.com"]
[Date "2020.06.09"]
[Round "8"]
[White "yamalchess"]
[Black "northridgehawk"]
[Result "1-0"]
[WhiteElo "2450"]
[BlackElo "2343"]
[TimeControl "180+1"]
[EndTime "10:36:23 PDT"]
[Termination "yamalchess won by resignation"]

1. d4 Nf6 2. c4 g6 3. Nc3 d5 4. Bf4 Bg7 5. Qa4+ c6 6. e3 O-O 7. Nf3 Be6 8. c5 Bg4 9. Be2 Bxf3 10. Bxf3 Nfd7 11. Bg3 e5 12. O-O b6 13. cxb6 Nxb6 14.
Qd1 exd4 15. exd4 N8d7 16. Qd3 c5 17. dxc5 Nxc5 18. Qb5 Rc8 19. Rad1 d4 20. Ne4 Ne6 21.
a4 Nc4 22. b3 Na3 23. Qb7 a5 24.
Bd6 Nc2 25. Bxf8 Bxf8 26. Rd2 d3 27. Rfd1 Rb8 28. Qa7 Rxb3 29. Bg4 f5 30. Bh3 Nf4 31. Qa6 Qb6 32. Qc4+ Kg7 33. Ng3 Nxh3+ 34. gxh3 Nd4 35. Rxd3 Rxd3 36. Qxd3 Ne6 37. Qc3+ Kh6 38. Qd2+ Kg7 39. h4 Be7 40. Qd7 Kf7 41. h5 Qb4 42. hxg6+ hxg6 43. Kf1 Nf4 44. Re1 Qc4+ 45. Kg1 Nh3+ 46. Kg2 Nf4+ 47.
Kh1 Qc5 48. f3 Nd5 49. Qe6+ Kf8 50. Qxg6 Nf6 51. Qxf5 Qc6 52. Rb1 Qxa4 53. Rb8+ Kf7 54. Rb1 Qa2 55. Re1 Qe6 56. Qxe6+ 1-0

[Event "*** SCC Grand Prix: Titled Tuesday Blitz"]
[Site "Chess.com"]
[Date "2020.06.09"]
[Round "8"]
[White "VladimirBugayev"]
[Black "TST2014"]
[Result "0-1"]
[WhiteElo "2265"]
[BlackElo "2513"]
[TimeControl "180+1"]
[EndTime "10:36:23 PDT"]
[Termination "TST2014 won on time"]

1. e4 c5 2. a3 g6 3. h4 h5 4.
Nc3 Bg7 5. Bc4 Nc6 6. d3 e6 7.
Bg5 Qc7 8. Qd2 a6 9. Nge2 Nd4 10. Nxd4 cxd4 11. Ne2 Nf6 12. Qf4 Qxf4 13. Bxf4 b5 14. Bb3 Ng4 15. Bd6 Bb7 16. a4 f5 17. f3 Ne3 18.
axb5 axb5 19. Rxa8+ Bxa8 20. Kf2 Kf7 21. Ra1 Bc6 22. e5 Bd5 23. Bxd5 Nxd5 24. Nxd4 b4 25. Ra7 Rd8 26. Nc6 Rc8 27. Rxd7+ Ke8 28. Rxg7 Rxc6 29. c4 bxc3 30. bxc3 Rxc3 31. Rxg6 Rc2+ 32. Ke1 Nf4 33. Rg8+ Kd7 34. g4 hxg4 35. fxg4 Nxd3+ 36. Kd1 Rg2 37. Rg7+ Kc6 38. Rc7+ Kd5 39. gxf5 Ke4 40. fxe6 Ke3 41.
Bc5+ Nxc5 42. Rxc5 Kd3 43. Rd5+ Ke4 44. e7 Rg1+ 45.
Kd2 Rg2+ 46. Kc3 Rg3+ 47. Kc4 Rg1 48. e8=Q Rc1+ 49. Kb3 Kxd5 50. e6 Rc6 51. Qd7+ Rd6 52. Qc8 Rb6+ 53. Kc3 Rxe6 54. h5 Ke5 55. Qc5+ Kf6 56.
h6 Kg6 0-1

[Event "*** SCC Grand Prix: Titled Tuesday Blitz"]
[Site "Chess.com"]
[Date "2020.06.09"]
[Round "8"]
[White "QuintilianoR"]
[Black "obliviate12"]
[Result "0-1"]
[WhiteElo "2655"]
[BlackElo "2819"]
[TimeControl "180+1"]
[EndTime "10:36:24 PDT"]
[Termination "obliviate12 won on time"]

1. d4 e6 2. c4 d5 3. Nc3 Nf6 4.
cxd5 exd5 5. Bg5 c6 6. e3 Bf5 7. Qf3 Bg6 8. Bxf6 Qxf6 9. Qxf6 gxf6 10. Nf3 Nd7 11. Nh4 Be7 12. Ne2 f5 13. g3 Nf6 14.
Nf4 Ne4 15. Bd3 Nd6 16. Nhg2 a5 17. h4 h5 18. Ke2 Kd7 19. Ne1 a4 20. Nf3 Bf6 21.
Ne5+ Bxe5 22. dxe5 Nc4 23. Bxc4 dxc4 24. Rhd1+ Ke7 25.
Rd6 Ra5 26. Rxg6 fxg6 27. Nxg6+ Kf7 28. Nxh8+ Kg7 29. Rd1 Rb5 30. e6 Rxb2+ 31. Kf3 Kf6 32. Rd4 b5 33. Rd6 Rxa2 34. Rxc6 Rd2 35. Nf7 a3 36.
Ng5 Rd8 37. Rc7 Ra8 38. Kf4 a2 39. Rf7+ Kg6 40. Nf3 a1=Q 41. Ne5+ Kh6 42. Rf6+ Kg7 43. Rf7+ Kg8 44. Nd7 Ra7 45. Nf6+ Kh8 46. Rf8+ Kg7 47. Nxh5+ Kxf8 0-1

[Event "*** SCC Grand Prix: Titled Tuesday Blitz"]
[Site "Chess.com"]
[Date "2020.06.09"]
[Round "8"]
[White "Mikasinski"]
[Black "sonicdravise"]
[Result "1-0"]
[WhiteElo "2437"]
[BlackElo "2549"]
[TimeControl "180+1"]
[EndTime "10:36:25 PDT"]
[Termination "Mikasinski won by checkmate"]

1. e4 c5 2. Nf3 d6 3. d4 cxd4 4. Nxd4 Nf6 5. Nc3 Nc6 6. Bg5 g6 7. Bxf6 exf6 8. Nd5 Bg7 9. Nb5 O-O 10. Ndc3 f5 11.
Qxd6 fxe4 12. Qxd8 Rxd8 13. Bc4 a6 14. Nc7 Ra7 15.
N7d5 b5 16. Bb3 Be6 17. O-O-O Nd4 18. Kb1 Rad7 19. Ne3 Bxb3 20. axb3 f5 21. g3 Kf7 22.
h4 h5 23. Rd2 Nf3 24. Rxd7+ Rxd7 25. Ncd5 Ke6 26. c4 Be5 27. Rd1 Rd6 28. Ka2 bxc4 29. bxc4 Nd4 30. b4 Rc6 31. c5 Rc8 32. Ka3 Rb8 33.
Nb6 Nc6 34. Nec4 Bc3 35. Rd6+ Ke7 36. Rxc6 a5 37. Rc7+ Ke6 38. Rc6+ Ke7 39. Nxa5 Rd8 40. Rc7+ Kf6 41. Rc6+ Kg7 42. Nac4 Rd1 43. Ka4 Ra1+ 44.
Kb5 Be1 45. Nd6 Rb1 46. Nd5 Bxf2 47. Rc7+ Kf8 48. Nf6 e3 49. Rf7# 1-0

[Event "*** SCC Grand Prix: Titled Tuesday Blitz"]
[Site "Chess.com"]
[Date "2020.06.09"]
[Round "8"]
[White "ditkin25"]
[Black "Anaj14"]
[Result "0-1"]
[WhiteElo "2402"]
[BlackElo "2302"]
[TimeControl "180+1"]
[EndTime "10:36:25 PDT"]
[Termination "Anaj14 won by resignation"]

1. e4 c5 2. Nf3 d6 3. d4 cxd4 4. Nxd4 Nf6 5. f3 e6 6. c4 Be7 7.
Nc3 O-O 8. Be3 a6 9. Be2 Qc7 10.
O-O Nc6 11. Qd2 Nxd4 12. Bxd4 b6 13. Rfc1 Nd7 14. Rab1 Re8 15. Bf1 Rb8 16. b4 Qb7 17. Kh1 Bd8 18. c5 dxc5 19. bxc5 Qa8 20. c6 Qxc6 21.
Nb5 Qa8 22. Nd6 Rf8 23. Nxc8 Rxc8 24. Bxg7 Kxg7 25. Qxd7 Rxc1 26. Rxc1 Bf6 27. Rc7 b5 28. Qxe6 Qd8 29. Rd7 Qb8 30. Qxa6 b4 31. Bc4 Qf4 32. Rd1 Be5 33. Kg1 Qxh2+ 34. Kf1 Qh1+ 35. Ke2 Qxg2+ 36. Ke3 Qg5+ 37. Ke2 Bf4 38. Qa7 Kh8 39. Rg1 Qe5 40. Bd5 Qb2+ 41. Kf1 Qc1+ 42. Kg2 Rg8+ 43. Kh1 Rxg1+ 44.
Qxg1 Qc7 45. Qd4+ Be5 46. Qxb4 Qc1+ 47. Kg2 Kg7 48. Qe7 Qd2+ 49. Kf1 Qd3+ 50. Kg2 Qe2+ 51.
Kh3 Qxf3+ 52. Kh4 Bf6+ 53. Qxf6+ 0-1

[Event "*** SCC Grand Prix: Titled Tuesday Blitz"]
[Site "Chess.com"]
[Date "2020.06.09"]
[Round "8"]
[White "alexrustemov"]
[Black "earling8018"]
[Result "1-0"]
[WhiteElo "2666"]
[BlackElo "2081"]
[TimeControl "180+1"]
[EndTime "10:36:25 PDT"]
[Termination "alexrustemov won by resignation"]

1. d4 d5 2. c4 e6 3. Nc3 c5 4. cxd5 exd5 5. Nf3 Nf6 6. g3 Nc6 7. Bg2 Be7 8. O-O O-O 9. Bg5 cxd4 10. Nxd4 h6 11. Be3 Re8 12. Rc1 Bg4 13. h3 Be6 14. Nxe6 fxe6 15. f4 Qd7 16. Bf2 Rac8 17. e4 dxe4 18.
Qxd7 Nxd7 19. Nxe4 e5 20. Rfd1 Red8 21. f5 Nb6 22. g4 Kf7 23. Kf1 Nd4 24. Rxc8 Nxc8 25. Nc3 Bc5 26. Bxb7 Nd6 27. Bg2 h5 28. Ne4 Nxe4 29.
Bxe4 hxg4 30. hxg4 Rb8 31. b3 a5 32. Rc1 Bb6 33. Rc4 Ke7 34. Kg2 Kd6 35. Bg3 Bc5 36. Be1 Bb4 37. Bg3 Bc5 38. Ra4 Bb4 39. a3 Bc3 40. b4 axb4 41. Ra6+ Kc5 42. axb4+ Rxb4 43. Bxe5 Rb2+ 44. Kh3 Rb6 45. Rxb6 Kxb6 46. Bxg7 Kc5 47. Bh6 Bd2 48. Bxd2 1-0

[Event "*** SCC Grand Prix: Titled Tuesday Blitz"]
[Site "Chess.com"]
[Date "2020.06.09"]
[Round "8"]
[White "HanSchut"]
[Black "The_Machine04"]
[Result "1-0"]
[WhiteElo "2198"]
[BlackElo "2268"]
[TimeControl "180+1"]
[EndTime "10:36:25 PDT"]
[Termination "HanSchut won on time"]

1. e4 d6 2. d4 Nf6 3. Nc3 e5 4. f4 exd4 5. Qxd4 Nc6 6. Bb5 Bd7 7. Bxc6 Bxc6 8. Nf3 g6 9. Nd5 Bg7 10. Nxf6+ Qxf6 11. Qd3 O-O 12. O-O Rae8 13. Re1 Qe7 14. e5 dxe5 15.
Nxe5 f6 16. Nf3 Be4 17. Qb3+ Qf7 18. Qxf7+ Rxf7 19. Nd2 Bc6 20. Rxe8+ Bxe8 21. Kf2 f5 22. c3 Bf8 23. Nf3 Bc6 24. Be3 Bxf3 25. Kxf3 Bd6 26. Re1 Re7 27. Re2 a6 28. g3 Kf7 29. Bd4 Rxe2 30. Kxe2 Ke6 31. Kd3 b5 32. b3 Kd5 33.
c4+ bxc4+ 34. bxc4+ Kc6 35. Kc3 h5 36. Kd3 Bb4 37. Bb2 Bc5 38. Bd4 Kb6 39. Kc3 Kc6 40. Kd3 Kd6 41. Kc3 Bb6 42. Kd3 Ba5 43. Be5+ Kc6 44. Bd4 Bb4 45. Be5 Bd6 46. Bd4 Ba3 47.
Be5 a5 48. Bd4 a4 49. Be5 Kc5 50. Bd4+ Kb4 51. Be5 Bc1 52. Bxc7 Ka3 53. Kc2 1-0

[Event "*** SCC Grand Prix: Titled Tuesday Blitz"]
[Site "Chess.com"]
[Date "2020.06.09"]
[Round "8"]
[White "Andreikka"]
[Black "ChessWarrior7197"]
[Result "0-1"]
[WhiteElo "2925"]
[BlackElo "2965"]
[TimeControl "180+1"]
[EndTime "10:36:26 PDT"]
[Termination "ChessWarrior7197 won by resignation"]

1. c4 e6 2. Nc3 d5 3. d4 c5 4. cxd5 exd5 5. Nf3 Nc6 6. g3 Nf6 7. Bg2 cxd4 8. Nxd4 Bc5 9. Nb3 Bb6 10. O-O d4 11. Na4 O-O 12. Bg5 Re8 13. Re1 h6 14.
Bxf6 Qxf6 15. Nxb6 axb6 16. Bxc6 bxc6 17. Qxd4 Qd8 18.
Qc3 c5 19. Rad1 Qe7 20. a3 Ba6 21. f3 Rad8 22. e4 Rd7 23. Rxd7 Qxd7 24. Qd2 Qxd2 25. Nxd2 Rd8 26. Nb1 Rd3 27. Nc3 Rxf3 28. Rd1 g5 29. Rd6 Bf1 30. Rxh6 Kg7 31. Rd6 Bh3 32. Rd1 b5 33.
Nxb5 Rb3 34. Nd6 Rxb2 35. Nf5+ Kf6 36. Rc1 Rg2+ 37. Kh1 Re2 38. Nd6 Ke6 39. Nb7 c4 40. Nc5+ Kd6 41. Na4 Rxe4 42. Nc3 Re5 43. Kg1 Kc5 44.
Kf2 Bg4 45. Re1 Rf5+ 46. Ke3 Rf3+ 47. Kd2 Rf2+ 48. Ke3 Rf3+ 49. Kd2 Rd3+ 50. Kc2 Bf5 51. Kb2 Rd2+ 52. Kc1 Rc2+ 53. Kd1 Bd3 54. Ne4+ Kd4 55. Nxg5 Ra2 56. Re8 Ra1+ 0-1

[Event "*** SCC Grand Prix: Titled Tuesday Blitz"]
[Site "Chess.com"]
[Date "2020.06.09"]
[Round "8"]
[White "g3god"]
[Black "tigra"]
[Result "0-1"]
[WhiteElo "2880"]
[BlackElo "2756"]
[TimeControl "180+1"]
[EndTime "10:36:27 PDT"]
[Termination "tigra won on time"]

1. e4 c5 2. Nf3 g6 3. d4 cxd4 4. Nxd4 Nc6 5. Nc3 Bg7 6. Be3 Nf6 7. Bc4 Qa5 8. O-O O-O 9. Bb3 d6 10. h3 Bd7 11. Re1 Rfc8 12. Nf3 Qh5 13. Ng5 Qxd1 14.
Raxd1 Be8 15. f4 h6 16. Nf3 Nd7 17. Bf2 Bxc3 18. bxc3 Na5 19. e5 dxe5 20. fxe5 Nc5 21. e6 f6 22. Bd5 Na4 23. c4 Nc3 24. Rd3 Nxd5 25. cxd5 Rxc2 26. d6 exd6 27. Rxd6 Rac8 28. e7 Kf7 29. Ree6 Rxa2 30. Rxf6+ Kxe7 31. Rde6+ Kd8 32. Bxa7 Nc4 33. Bd4 Rc6 34. Rxc6 bxc6 35. Rf8 Kd7 36. Rh8 h5 37. Bc5 Ra1+ 38. Kh2 Ra5 39. Bf2 Rf5 40. Rg8 Bf7 41. Ra8 Bd5 42. Ra7+ Ke8 43. Ra8+ Kd7 44.
Ra7+ Kc8 45. Rg7 Bxf3 46. gxf3 Rxf3 47. Bg3 Rf6 48. Bh4 Re6 49. Kg3 Nd6 50. Kf4 c5 51. Rg8+ Kd7 52. Bf2 c4 0-1

[Event "*** SCC Grand Prix: Titled Tuesday Blitz"]
[Site "Chess.com"]
[Date "2020.06.09"]
[Round "8"]
[White "krasavetc"]
[Black "frankshar"]
[Result "1-0"]
[WhiteElo "2233"]
[BlackElo "2344"]
[TimeControl "180+1"]
[EndTime "10:36:27 PDT"]
[Termination "krasavetc won by checkmate"]

1. e4 c5 2. Nf3 e6 3. d4 cxd4 4. Qxd4 Nc6 5. Qa4 d6 6. Nc3 Nf6 7. e5 dxe5 8. Nxe5 Qc7 9. Nxc6 bxc6 10. Bf4 Qb6 11. O-O-O Be7 12. Bd3 O-O 13. g4 Nd5 14. Qe4 Nf6 15. Qc4 a5 16. g5 Ba6 17. gxf6 Bxc4 18.
fxe7 Rfe8 19. Bxc4 Rxe7 20. Be3 Qc7 21. Bc5 Rd7 22. Rxd7 Qxd7 23. Rd1 Qb7 24. Ne4 Rb8 25. b3 a4 26. b4 g6 27. Nf6+ Kg7 28. Rd7 Kxf6 29. Rxb7 Rxb7 30. Kd2 Ke5 31. Ke3 f5 32. f4+ Kf6 33. a3 g5 34. Bd4+ Kg6 35. fxg5 Kxg5 36. Be5 h5 37. Be2 h4 38. Bf3 Rb6 39. Kd4 Rb5 40.
c4 Rb8 41. Bxb8 h3 42. Be5 Kh4 43. Bf4 e5+ 44. Bxe5 c5+ 45. Kxc5 f4 46. b5 Kg5 47. b6 Kh4 48. b7 Kg5 49. Bf6+ Kxf6 50. b8=Q Ke6 51.
Bg4+ Kf6 52. Qd6+ Kg5 53. Bf3 Kh4 54. Qxf4# 1-0

[Event "*** SCC Grand Prix: Titled Tuesday Blitz"]
[Site "Chess.com"]
[Date "2020.06.09"]
[Round "8"]
[White "Jumbo"]
[Black "BlackBoarder"]
[Result "1-0"]
[WhiteElo "2828"]
[BlackElo "2663"]
[TimeControl "180+1"]
[EndTime "10:36:28 PDT"]
[Termination "Jumbo won by resignation"]

1. e4 e6 2. d4 d5 3. Nd2 c5 4. exd5 Qxd5 5. dxc5 Bxc5 6. Ngf3 Nf6 7. Bc4 Qc6 8. a4 O-O 9. O-O Nbd7 10. Qe2 b6 11.
a5 Qc7 12. Nb3 Bd6 13. Nbd4 a6 14. axb6 Qxb6 15. Rd1 Re8 16. c3 Bb7 17. h3 h6 18.
Be3 Nd5 19. Bxd5 Bxd5 20. c4 Bxf3 21. Nxf3 Nc5 22. b4 Qxb4 23. Rab1 Nb3 24. Qa2 Rab8 25. Rd3 Qxc4 26. Rdxb3 a5 27. Qb2 Rxb3 28. Qxb3 Qc6 29.
Qb6 Qd5 30. Qa6 Rd8 31. Qe2 Bb4 32. Bd4 Ra8 33. Kf1 f6 34. Rb2 Bf8 35. Be3 a4 36.
Ra2 a3 37. Ne1 Rb8 38. Qc2 Qb5+ 39. Kg1 e5 40. Kh1 Kh8 41. h4 Rd8 42. Kg1 Qd5 43. g3 Qb5 44. Kg2 Qb7+ 45. Nf3 Rb8 46. Qc4 Rc8 47.
Qe6 Qc6 48. Qxc6 Rxc6 49. Nd2 Rb6 50. Bxb6 1-0

[Event "*** SCC Grand Prix: Titled Tuesday Blitz"]
[Site "Chess.com"]
[Date "2020.06.09"]
[Round "8"]
[White "rugbyclub"]
[Black "Batsai"]
[Result "0-1"]
[WhiteElo "2117"]
[BlackElo "2307"]
[TimeControl "180+1"]
[EndTime "10:36:28 PDT"]
[Termination "Batsai won on time"]

1. c4 Nf6 2. Nc3 e6 3. e4 e5 4.
a3 Nc6 5. g3 a5 6. Bg2 Bc5 7.
Nge2 O-O 8. O-O d6 9. h3 Bd7 10. Kh2 Nd4 11. d3 a4 12. Nxd4 Bxd4 13. f4 c6 14.
fxe5 dxe5 15. Bg5 Be6 16. Nxa4 b5 17. cxb5 cxb5 18. Nc3 Kh8 19. Nxb5 Bxb2 20. Rb1 Bxa3 21. Bxf6 gxf6 22. Qh5 Be7 23. d4 exd4 24. e5 Ra2 25. exf6 Bxf6 26. Kh1 Bg7 27. Be4 h6 28. Bd3 Qg5 29.
Qxg5 hxg5 30. Nc7 Bxh3 31. Rfe1 Bg2+ 32. Kg1 Bc6 33. Be4 Bxe4 34. Rxe4 d3 35. Rd1 Rd8 36. Re8+ Rxe8 37. Nxe8 Bd4+ 38. Kh1 d2 39. Nd6 Rc2 40. Kg2 Kg7 41. Ne4 Be3 42. Kf3 Rc1 43. Ke2 f5 44. Nd6 Rxd1 45. Kxd1 Kf6 46. Ke2 f4 47. gxf4 Bxf4 48. Ne4+ Kf5 49. Nc3 Kg4 50. Kf2 Kh3 51. Kf3 g4+ 52. Kxf4 g3 53. Ke3 g2 0-1

[Event "*** SCC Grand Prix: Titled Tuesday Blitz"]
[Site "Chess.com"]
[Date "2020.06.09"]
[Round "8"]
[White "Shuvalov"]
[Black "AlexOstrovskiy"]
[Result "0-1"]
[WhiteElo "2453"]
[BlackElo "2591"]
[TimeControl "180+1"]
[EndTime "10:36:29 PDT"]
[Termination "AlexOstrovskiy won on time"]

1. Nf3 d5 2. c4 d4 3. b4 g6 4.
d3 Bg7 5. g3 e5 6. Bg2 Ne7 7.
O-O O-O 8. Nbd2 a5 9. b5 c5 10. bxc6 Nexc6 11. Ba3 Nb4 12. c5 N8a6 13. Nc4 Qe7 14.
Nb6 Rb8 15. Nc4 Qxc5 16. Rc1 Qb5 17. Qb3 Be6 18. Ng5 Bd5 19. Bxd5 Qxd5 20. Ne4 Rfc8 21.
Nb6 Qxb3 22. axb3 Rc6 23. Nc4 b6 24. Ncd6 Bf8 25. Rxc6 Nxc6 26. Nf6+ Kg7 27. Nd7 Bxd6 28. Bxd6 Rd8 29. Bxe5+ Kh6 30. Bf4+ g5 31. Rc1 Nab4 32. Nxb6 gxf4 33. gxf4 Rg8+ 34. Kf1 Rg4 35. Nd5 Nxd5 36. Rxc6+ Kg7 37. Rc5 Nxf4 38. Rxa5 Nh3 39. e3 Rg1+ 40. Ke2 Rg2 41. Rf5 dxe3 42. Kxe3 Rg6 43. b4 Ng5 44. b5 Ne6 45. b6 Nd8 46. Rb5 Nb7 47. Kd4 Kf8 48. Rb2 Ke7 49. Kd5 Kd7 50. d4 Rd6+ 51.
Kc4 h6 52. d5 Rf6 53. h4 Rf5 0-1

[Event "*** SCC Grand Prix: Titled Tuesday Blitz"]
[Site "Chess.com"]
[Date "2020.06.09"]
[Round "8"]
[White "Sychev_Klementy"]
[Black "chargemax23"]
[Result "0-1"]
[WhiteElo "2840"]
[BlackElo "2710"]
[TimeControl "180+1"]
[EndTime "10:36:30 PDT"]
[Termination "chargemax23 won on time"]

1. e4 g6 2. d4 Bg7 3. Nc3 d6 4. f4 a6 5. Nf3 Bg4 6. Be3 Nc6 7. d5 Bxf3 8. Qxf3 Nd4 9. Qd1 c5 10. dxc6 Nxc6 11. Nd5 Rc8 12. c3 Nf6 13. Bd3 O-O 14.
O-O Nxd5 15. exd5 Na5 16. Qe2 b5 17. Rae1 Nc4 18. Bc1 Re8 19. Kh1 e6 20. dxe6 fxe6 21. Qg4 Qf6 22. Re2 d5 23. Rfe1 Rc6 24. f5 e5 25. fxg6 hxg6 26. Bg5 Qe6 27. Qg3 e4 28. Bb1 a5 29. Qh4 b4 30. cxb4 axb4 31. b3 Nd6 32.
Bd2 Bc3 33. Rf1 Kg7 34. Bh6+ Kg8 35. Ref2 Nf5 36. Qg5 Nxh6 37. Qxh6 Bg7 38. Qg5 d4 39. Re2 e3 40. Bd3 Rc3 41. Bxg6 Re7 42. Qh5 Bf6 43. Bf5 Qf7 44. Qg4+ Qg7 45. Be6+ Kh8 46. Qf5 Qg5 47. Qe4 Kg7 48. Ree1 Rc5 49. Qg4 Qxg4 50. Bxg4 d3 51. Bf5 e2 0-1

[Event "*** SCC Grand Prix: Titled Tuesday Blitz"]
[Site "Chess.com"]
[Date "2020.06.09"]
[Round "8"]
[White "Shota_Azaladze"]
[Black "Kildepiotr"]
[Result "1/2-1/2"]
[WhiteElo "2784"]
[BlackElo "2611"]
[TimeControl "180+1"]
[EndTime "10:36:30 PDT"]
[Termination "Game drawn - insufficient material"]

1. Nf3 g6 2. g3 Bg7 3. Bg2 d5 4. O-O Nf6 5. d3 O-O 6. Nbd2 Nbd7 7. e4 dxe4 8. dxe4 e5 9. c3 a5 10. b3 Qe7 11. a4 Rd8 12. Ba3 Qe8 13. Qc2 b6 14.
Rfd1 Bb7 15. Ne1 Bf8 16. Bxf8 Kxf8 17. Nd3 Qe7 18. b4 Ba6 19. b5 Bb7 20. c4 Nc5 21. Nxc5 Qxc5 22. Nb3 Qb4 23. Re1 Nd7 24. c5 bxc5 25.
Rec1 Nb6 26. Nxc5 Rd2 27. Qc3 Qxc3 28. Rxc3 Bc8 29. Bf1 Bg4 30. Nb3 Rb2 31. Nc1 Rb4 32. Nd3 Rxa4 33. Rxa4 Nxa4 34. Rxc7 Nb6 35. Rb7 Nd7 36.
f4 exf4 37. gxf4 a4 38. h3 Be6 39. f5 gxf5 40. exf5 Bxf5 41. Nb4 a3 42. Bc4 Ne5 43. Ba2 Bxh3 44. b6 Ra4 45. Nd3 Nxd3 46. Rxf7+ Ke8 47.
b7 Rb4 48. Rxh7 Kd8 49. Rxh3 Nc5 50. Rh8+ Kc7 51. Rc8+ Kxb7 52. Rxc5 Rb2 53. Bf7 a2 54. Bxa2 Rxa2 55. Rb5+ Kc6 56. Rf5 Kd6 57. Rf2 Rxf2 58.
Kxf2 1/2-1/2

[Event "*** SCC Grand Prix: Titled Tuesday Blitz"]
[Site "Chess.com"]
[Date "2020.06.09"]
[Round "8"]
[White "AshotParvanyan"]
[Black "diablanni"]
[Result "1-0"]
[WhiteElo "2434"]
[BlackElo "2328"]
[TimeControl "180+1"]
[EndTime "10:36:30 PDT"]
[Termination "AshotParvanyan won by checkmate"]

1. e4 c5 2. Nf3 Nc6 3. Nc3 g6 4. Bb5 Nf6 5. O-O Bg7 6. Bxc6 dxc6 7. e5 Ng4 8. Qe2 O-O 9. h3 Nh6 10. d3 Nf5 11. Ne4 Nd4 12. Qd1 Nxf3+ 13. Qxf3 Bxe5 14. Nxc5 Qd5 15. Qxd5 cxd5 16. c3 b6 17. Nb3 Ba6 18. Re1 Bd6 19. Bh6 Rfc8 20. d4 Bc4 21. Nd2 Bd3 22. Re3 Bf5 23. Rae1 Rc7 24. g4 Bc8 25. Nf3 f6 26. Kg2 Kf7 27. g5 f5 28. Ne5+ Bxe5 29. Rxe5 e6 30. h4 Bd7 31. R5e2 b5 32. Kf3 a5 33. Kf4 b4 34. Re3 bxc3 35. Rxc3 Rxc3 36.
bxc3 Rb8 37. Ke5 Rb2 38. Kd6 Ba4 39. f4 Bc2 40. a3 Be4 41. Kc5 a4 42. Kd6 Rb3 43.
Kc5 Rxa3 44. Kb4 Rb3+ 45. Kxa4 Rxc3 46. Kb4 Rc4+ 47. Kb5 Rxd4 48. Ra1 Bd3+ 49. Kc5 Rc4+ 50. Kd6 Rxf4 51. Ra7+ Ke8 52. Ra8+ Kf7 53. Rf8# 1-0

[Event "*** SCC Grand Prix: Titled Tuesday Blitz"]
[Site "Chess.com"]
[Date "2020.06.09"]
[Round "8"]
[White "praveenb2002"]
[Black "Tesla37"]
[Result "0-1"]
[WhiteElo "2768"]
[BlackElo "2925"]
[TimeControl "180+1"]
[EndTime "10:36:31 PDT"]
[Termination "Tesla37 won by resignation"]

1. e4 Nf6 2. e5 Nd5 3. d4 d6 4. Nf3 dxe5 5. Nxe5 c6 6. Bc4 Nd7 7. Nxd7 Bxd7 8. O-O Bf5 9. c3 e6 10. Bd3 Bxd3 11. Qxd3 Be7 12. c4 Nf6 13. Nc3 O-O 14. Rd1 Qc7 15. Bg5 Rad8 16. Qe2 Rfe8 17. Rd2 a6 18. Rad1 b5 19. b3 Qa5 20. Qf3 bxc4 21. Bxf6 Bxf6 22. Ne4 Bxd4 23. bxc4 c5 24. g3 f5 25. Ng5 h6 26. Nh3 Rd6 27. Nf4 Red8 28.
Kg2 Qa4 29. Qe2 Qc6+ 30. Qf3 Qxf3+ 31. Kxf3 Rb8 32. Kg2 Kf7 33. Nd3 Rdb6 34. f4 Kf6 35.
h4 Rb1 36. Kf3 Rxd1 37. Rxd1 g5 38. hxg5+ hxg5 39. Rh1 g4+ 40. Ke2 Kg6 41. Kd2 a5 42. Re1 Kf7 43. Rh1 a4 44. Rh7+ Bg7 45. Nxc5 Rb2+ 46.
Kc1 Rxa2 47. Nxe6 Kxe6 48. Rxg7 Rg2 49. Rg6+ Kd7 50. Rf6 a3 51. Rxf5 Rg1+ 52. Kc2 a2 53. Rd5+ Kc6 54. Ra5 a1=Q 55. Rxa1 Rxa1 56. Kd3 Kd6 57. Ke4 Ke6 58. f5+ Kf6 59. Kf4 Rc1 60. Kxg4 Rxc4+ 61. Kh5 Kxf5 62. g4+ Rxg4 0-1

[Event "*** SCC Grand Prix: Titled Tuesday Blitz"]
[Site "Chess.com"]
[Date "2020.06.09"]
[Round "8"]
[White "1stSecond"]
[Black "olksuna"]
[Result "1-0"]
[WhiteElo "2794"]
[BlackElo "2631"]
[TimeControl "180+1"]
[EndTime "10:36:32 PDT"]
[Termination "1stSecond won on time"]

1. Nf3 Nf6 2. g3 g6 3. Bg2 Bg7 4. O-O O-O 5. d4 d5 6. a4 a5 7.
Nbd2 c6 8. h3 Bf5 9. Nh4 Be6 10.
c3 Na6 11. b3 c5 12. Ba3 cxd4 13.
cxd4 Nb4 14. Bxb4 axb4 15. Rc1 Rc8 16. e3 Qd7 17. Kh2 Rxc1 18. Qxc1 Rc8 19. Qe1 Rc3 20.
Qe2 Qc6 21. Nhf3 Ne4 22. Qb5 Qxb5 23. axb5 Rd3 24. Nxe4 dxe4 25. Ng5 Bxb3 26. Bxe4 Rd2 27. Nf3 Rb2 28. b6 Bc4 29. Rc1 Ba6 30. Rc8+ Bf8 31. Ne5 Rxf2+ 32. Kg1 Rf1+ 33. Kg2 Re1 34. Kf2 Re2+ 35.
Kf3 b3 36. Nd7 Kg7 37. g4 b2 38. Rxf8 Re1 39. Ra8 b1=Q 40. Bxb1 Rxb1 41. Re8 Bb5 42. Rxe7 Bxd7 43. Rxd7 Rxb6 44. d5 Kf6 45. e4 Rb3+ 46. Ke2 Ke5 47. Re7+ Kd6 48. Rxf7 h5 49. gxh5 gxh5 50. Rf6+ Ke5 51. Re6+ Kd4 52. d6 Rb2+ 53.
Kf3 Rb3+ 54. Kf4 Kc5 55. e5 Rd3 56. Re7 b5 57. d7 1-0

[Event "*** SCC Grand Prix: Titled Tuesday Blitz"]
[Site "Chess.com"]
[Date "2020.06.09"]
[Round "8"]
[White "Fusikk"]
[Black "kuban1991"]
[Result "0-1"]
[WhiteElo "2588"]
[BlackElo "2787"]
[TimeControl "180+1"]
[EndTime "10:36:32 PDT"]
[Termination "kuban1991 won on time"]

1. d4 g6 2. c4 Bg7 3. e4 Nc6 4. Ne2 e5 5. d5 Nd4 6. Be3 c5 7. dxc6 dxc6 8. c5 Nh6 9. Nd2 Ng4 10.
Nc4 O-O 11. Bxd4 exd4 12. h3 Be6 13. hxg4 Bxc4 14. Nf4 Bxf1 15. Kxf1 Qe7 16. Qc2 Rad8 17. Re1 Rfe8 18. Nd3 Qg5 19. f3 h6 20. Qc1 Qf6 21.
Kf2 b6 22. Qc4 b5 23. Qc1 a5 24. Qc2 Qe6 25. b3 a4 26. b4 a3 27. Rb1 Qc4 28.
Rhc1 Qe6 29. Rb3 f5 30. gxf5 gxf5 31. Re1 Qg6 32. Nf4 Qg5 33. g3 Be5 34. Rd3 Bxf4 35. gxf4 Qxf4 36. Rg1+ Kh7 37. Qb3 Re7 38. exf5 Qxf5 39.
Qc2 Rf8 40. Rd2 Qxc2 41. Rxc2 Re3 42. Rg3 Rc3 43. Rd2 Rf7 44. Rxd4 Rc2+ 45. Ke3 Rxa2 46. Rd6 Ra1 47. Rh3 a2 48. Rhxh6+ Kg7 49. Rhg6+ Kf8 50. Rxc6 Re1+ 51. Kf2 a1=Q 52. Rc8+ Ke7 53. Re6+ Kxe6 54. Rc7 Kf6 55. Rxf7+ Kxf7 0-1